 Dungeon Crawl Stone Soup version 0.32-a0-120-gfac0567ad4 (webtiles) character file.

Game seed: 12045003114438973176

174 horus123 the Trooper (level 5, 0/51 HPs)
             Began as a Hill Orc Monk on Feb 7, 2024.
             Was a Believer of Makhleb.
             Slain by a lemure (1 damage)
             ... led by Pikel
             ... on level 4 of the Dungeon.
             The game lasted 00:05:51 (2826 turns).

horus123 the Trooper (Hill Orc Monk)                Turns: 2826, Time: 00:05:51

Health: 0/51       AC: 16    Str: 16    XL:     5   Next: 54%
Magic:  7/7        EV:  7    Int: 10    God:    Makhleb [**....]
Gold:   175        SH:  0    Dex: 13    Spells: 4/4 levels left

rFire   . . .        p - +0 flail
rCold   . . .        d - orb {light}
rNeg    . . .        j - +0 chain mail
rPois   .            q - +2 hat
rElec   .            i - scarf {repulsion}
rCorr   .            e - +2 pair of gloves
SInv    .            f - +2 pair of boots
Will    .....        (no amulet) Stlth
                     (no ring)
HPRegen 0.28/turn    (no ring)
MPRegen 0.10/turn

%: repel missiles
@: glowing
A: no striking features
a: Renounce Religion, Minor Destruction


You were on level 4 of the Dungeon.
You worshipped Makhleb.
Makhleb was pleased with you.
You visited 2 branches of the dungeon, and saw 5 of its levels.

You collected 175 gold pieces.

Inventory:

Hand Weapons
 a - a +0 mace
 p - a +0 flail (weapon)
Missiles
 k - 8 boomerangs
Armour
 b - a +0 robe
 d - an orb of light (worn)
 e - a +2 pair of gloves (worn)
 f - a +2 pair of boots (worn)
 g - a +0 scale mail
 i - a scarf of repulsion (worn)
 j - a +0 chain mail (worn)
 q - a +2 hat (worn)
Wands
 c - a wand of paralysis (4)
Scrolls
 m - 2 scrolls of fog
Potions
 h - 2 potions of might {unknown}
 l - a potion of magic
 o - a potion of mutation {unknown}


   Skills:
 - Level 6.3 Fighting
 - Level 3.2 Maces & Flails
 - Level 2.4 Dodging
 + Level 3.5 Invocations


You had 4 spell levels left.
You didn't know any spells.
Your spell library contained the following spells:

 Spells                   Type           Power      Damage    Failure   Level
 Call Imp                 Summ           0%         N/A       100%        2
 Sublimation of Blood     Necr           0%         N/A       100%        2
 Gell's Gravitas          Tloc           0%         N/A       100%        3
 Teleport Other           Tloc           0%         N/A       100%        3
 Dispersal                Tloc           0%         N/A       100%        6
 Summon Hydra             Summ           0%         N/A       100%        7


Dungeon Overview and Level Annotations

Branches:
Dungeon (4/15)             Temple (1/1) D:4

Altars:
Ashenzari
Cheibriados
Dithmenos
Elyvilon
Fedhas
Gozag
Makhleb
Nemelex Xobeh
Qazlal
Ru
Trog
Uskayaw
Vehumet
Xom
Yredelemnul
Zin

Annotations:
D:4 Pikel


Message History

* * * LOW HITPOINT WARNING * * *
The lemure hits you but does no damage.
You closely miss the lemure.
The lemure is almost dead.
The lemure hits you but does no damage. x4
You barely miss the lemure.
The lemure is almost dead.
The lemure hits you but does no damage. The lemure completely misses you.
The lemure hits you but does no damage. x2
You hit the lemure.
The lemure is almost dead.
The lemure hits you but does no damage. x3
You sock the lemure!
You kill the lemure!
That felt strangely unrewarding.
The lemure hits you but does no damage. x3
You barely miss Pikel. The lemure hits you.
* * * LOW HITPOINT WARNING * * *
Pikel barely misses you. The lemure hits you.
* * * LOW HITPOINT WARNING * * *
The lemure hits you but does no damage. Pikel closely misses you.
You barely miss Pikel. The lemure barely misses you.
The lemure hits you but does no damage.
Pikel hits you with a +2 whip of freezing.
* * * LOW HITPOINT WARNING * * *
Pikel freezes you.
* * * LOW HITPOINT WARNING * * *
You hit Pikel.
Pikel is lightly wounded.
The lemure hits you but does no damage. The lemure barely misses you.
Pikel hits you but does no damage.
You completely miss Pikel.
Pikel is lightly wounded.
The lemure closely misses you. The lemure hits you but does no damage.
Pikel completely misses you. The lemure hits you.
* * * LOW HITPOINT WARNING * * *
Unknown command.
You hit Pikel.
Pikel is moderately wounded.
The lemure hits you.
You die...

#. #.. # ... #.###### ##..
#.# #. ##......### ... #.#
##.###...#...... ##.. #..
......#.#.#.###
[...###.#######
#....#...#.### #.........K.#
#.>#####......
#..##...###@###...<#.......#
#...>..(.555.......#.#.###.#
#...#.#.###.#..#.......# #
#...#.#.# #.##....##.#.#
#.....#.# #.###.#.##.#.#
...5...#.# #.###.#.##)#..
#.......... #(......<..####
#........#. ......#.#..#
............. ..#####.#..#


You could see Pikel and 3 lemures.

Vanquished Creatures
  A lemure (D:4)
  An orc priest (D:4)
  Ijyb (D:4)
  An iguana (D:3)
  3 adders
  2 dart slugs (D:3)
  A ribbon worm (D:2)
  6 orcs
  5 endoplasms
  3 giant cockroaches
  3 goblins
  4 hobgoblins
  4 jackals (D:1)
  A quokka (D:2)
  6 ball pythons
  2 bats
  6 frilled lizards
  5 kobolds
  6 rats
61 creatures vanquished.

Notes
Turn   | Place    | Note
-------+----------+-------------------------------------------
     0 | D:1      | horus123 the Hill Orc Monk began the quest for the Orb.
     0 | D:1      | Reached XP level 1. HP: 19/19 MP: 1/1
    26 | D:1      | Reached skill level 4 in Fighting
   103 | D:1      | Reached XP level 2. HP: 27/27 MP: 2/2
   432 | D:1      | Found a faded altar of an unknown god.
  1134 | D:2      | Reached skill level 5 in Fighting
  1134 | D:2      | Reached XP level 3. HP: 30/36 MP: 3/3
  1842 | D:3      | Reached XP level 4. HP: 36/44 MP: 4/4
  1929 | D:3      | Found a radiant altar of Vehumet.
  1947 | D:3      | Reached skill level 6 in Fighting
  2188 | D:3      | Found an opulent altar of Gozag.
  2512 | D:4      | Found a staircase to the Ecumenical Temple.
  2525 | Temple   | Entered the Ecumenical Temple
  2643 | Temple   | Became a worshipper of Makhleb the Destroyer
  2643 | Temple   | Reached * piety under Makhleb
  2643 | Temple   | Reached ** piety under Makhleb
  2673 | D:4      | Noticed Ijyb
  2678 | D:4      | Paralysed by Ijyb for 4 turns
  2696 | D:4      | Reached XP level 5. HP: 31/51 MP: 4/6
  2702 | D:4      | Killed Ijyb
  2791 | D:4      | Noticed a lemure
  2792 | D:4      | Noticed Pikel
  2793 | D:4      | Noticed a lemure
  2793 | D:4      | Noticed a lemure
  2794 | D:4      | Noticed a lemure
  2821 | D:4      | Killed a lemure
  2825 | D:4      | HP: 1/51 [lemure[Pikel] (3)]
  2826 | D:4      | Slain by a lemure

Illustrated notes

Levels and vault maps discovered:
D:1:      dpeg_arrival_arbitrary_c, layout_basic, ebering_ecumenical_altar_rust,
          serial_park_tiny_1
D:2:      layout_loops_corners, minmay_misc_feat_diagonals, st_stairs_9,
          grunt_decor_junction
D:3:      layout_loops_ring, mainiacjoe_overflow_chevrons,
          mainiacjoe_overflow_concentric_impassable
D:4:      layout_loops_ring, minmay_temple_entry_grid,
          kennysheep_generic_room_12, uniq_ijyb, uniq_pikel
Temple:   jpeg_temple_clearing

Skill      XL: |  1  2  3  4  5 |
---------------+----------------+-----
Fighting       | 4 5 6 |  6.3
Invocations    | 2 3 |  3.5
Maces & Flails | |  3.2
Dodging        | |  2.4

Action                     |  1- 3 |  4- 6 || total
---------------------------+-------+-------++-------
  Melee: Mace              |    75 |       ||    75
         Whip              |    27 |     5 ||    32
         Flail             |       |    78 ||    78
    Use: Scroll            |       |     8 ||     8
         Potion            |       |     1 ||     1
 Armour: Robe              |    20 |       ||    20
         Scale mail        |    27 |       ||    27
         Chain mail        |    32 |   101 ||   133
  Dodge: Dodged            |    68 |    43 ||   111

Table legend: (Time is in decaauts)
 A = Elapsed time spent in this place.
 B = Non-inter-level travel time spent in this place.
 C = Inter-level travel time spent in this place.
 D = Time resting spent in this place.
 E = Time spent auto-exploring this place.
 F = Levels seen in this place.
 G = Mean time per level.
                   A        B        C        D        E       F      G
               +--------+--------+--------+--------+--------+-----+--------+
         Total |   2859 |   2735 |    124 |      0 |   2100 |   5 |  571.8 |
       Dungeon |   2721 |   2693 |     28 |      0 |   2100 |   4 |  680.2 |
        Temple |    137 |     41 |     96 |      0 |      0 |   1 |  137.0 |
               +--------+--------+--------+--------+--------+-----+--------+

Top non-repeatable levels by time:
     D:2: 915 daAuts
     D:1: 810 daAuts
     D:3: 698 daAuts
     D:4: 297 daAuts
  Temple: 137 daAuts
